 Dungeon Crawl Stone Soup version 0.28.0-53-g5a82cb258f (webtiles) character file.

Game seed: 11852282678860942952

698 Zeld the Ogre Mage (level 7, -4/59 HPs)
             Began as an Ogre Fire Elementalist on June 6, 2022.
             Slain by a yak (6 damage)
             ... on level 4 of the Dungeon.
             The game lasted 00:04:58 (6074 turns).

Zeld the Ogre Mage (Ogre Fire Elementalist)         Turns: 6074, Time: 00:04:59

Health: -4/59      AC:  6    Str: 13    XL:     7   Next: 65%
Magic:  15/16      EV:  9    Int: 18    God:
Gold:   93         SH:  0    Dex:  9    Spells: 8/18 levels left

rFire   . . .      SeeInvis .   h - +0 whip (venom)
rCold   . . .      Faith    .   (no shield)
rNeg    . . .      Spirit   .   a - +0 steam dragon scales
rPois   .          Reflect  .   (helmet restricted)
rElec   .          Harm     .   (no cloak)
rCorr   .          Rampage  .   (gloves unavailable)
Will    +....                   (boots unavailable)
Stlth   +.........              (no amulet)
HPRegen 0.19/turn               f - ring of willpower
MPRegen 0.15/turn               (no ring)

@: no status effects
A: large, unfitting armour, tough skin 1
a: no special abilities


You were on level 4 of the Dungeon.
You visited 1 branch of the dungeon, and saw 6 of its levels.

You collected 162 gold pieces.
You spent 69 gold pieces at shops.

Inventory:

Hand Weapons
 h - a +0 whip of venom (weapon)
 m - a +1 war axe of freezing
Armour
 a - +0 steam dragon scales (worn)
Jewellery
 f - a ring of willpower (left hand)
Scrolls
 c - a scroll of noise {unknown}
 e - 3 scrolls of identify {unknown}
 i - 2 scrolls of fear {unknown}
 l - a scroll of teleportation {unknown}
 o - a scroll of magic mapping {unknown}
 p - a scroll of blinking {unknown}
Potions
 b - 2 potions of brilliance {unknown}
 d - 2 potions of resistance {unknown}
 g - a potion of might {unknown}
 j - 3 potions of heal wounds {unknown}
 k - 2 potions of curing {unknown}
 n - a potion of mutation {unknown}
 q - a potion of lignification {unknown}


   Skills:
 - Level 1.7 Dodging
 - Level 1.4 Stealth
 * Level 6.1 Spellcasting
 + Level 3.2 Conjurations
 * Level 5.4 Fire Magic


You had 8 spell levels left.
You knew the following spells:

 Your Spells              Type           Power      Damage    Failure   Level
a - Foxfire               Conj/Fire      84%        2x1d8     1%          1
b - Scorch                Fire           50%        2d8       1%          2
c - Inner Flame           Hex/Fire       15%        N/A       12%         3
d - Flame Wave            Conj/Fire      21%        2d7       21%         4

Your spell library contained the following spells:

 Spells                   Type           Power      Damage    Failure   Level
 Conjure Flame            Conj/Fire      21%        6-21      6%          3
 Slow                     Hex            20%        N/A       12%         1
 Confusing Touch          Hex            5%         N/A       34%         3
 Gell's Gravitas          Tloc           5%         N/A       34%         3
 Teleport Other           Tloc           5%         N/A       34%         3
 Vampiric Draining        Necr           5%         2d6       34%         3
 Dispersal                Tloc           2%         N/A       100%        6
 Malign Gateway           Summ/Tloc      2%         N/A       100%        7
 Summon Horrible Things   Summ           2%         N/A       100%        8


Dungeon Overview and Level Annotations

Branches:
Dungeon (6/15)
 Temple: D:4-7

Altars:
Makhleb

Shops:
D:1 *   D:3 !


Innate Abilities, Weirdness & Mutations

You are too large for most types of armour.
You have tough skin. (AC +1)


Message History

You are too injured to fight recklessly!
You are too injured to fight recklessly!
You are too injured to fight recklessly!
You are too injured to fight recklessly!
Casting: Scorch (safe; 1% risk of failure)
Confirm with . or Enter, or press ? or * to list all spells.
Flames lash the yak but do no damage.
The yak barely misses you.
Casting: Scorch (safe; 1% risk of failure)
Confirm with . or Enter, or press ? or * to list all spells.
Flames lash the yak but do no damage.
The yak barely misses you.
Casting: Scorch (safe; 1% risk of failure)
Confirm with . or Enter, or press ? or * to list all spells.
Flames lash the yak.
The yak is lightly wounded.
The yak's fire resistance burns away.
The yak barely misses you.
Casting: Scorch (safe; 1% risk of failure)
Confirm with . or Enter, or press ? or * to list all spells.
Flames lash the yak.
The yak is burned terribly!
The yak is moderately wounded.
The yak gores you!
* * * LOW HITPOINT WARNING * * *
The yak gores you.
* * * LOW HITPOINT WARNING * * *
There is an open door here.
The yak is no longer more vulnerable to fire.
There is an open door here.
There's a creature in the doorway!
You see here 17 arrows.
You hit the yak but do no damage.
The yak is poisoned.
The yak is lightly wounded.
The yak gores you.
* * * LOW HITPOINT WARNING * * *
You hit the yak but do no damage.
The yak looks as sick as possible!
The yak is lightly wounded.
The yak gores you!
* * * LOW HITPOINT WARNING * * *
The yak gores you.
* * * LOW HITPOINT WARNING * * *
The yak gores you.
You die...

##.###.#### #.#.#.#....#
.......# ###.#.#.###..# ##
##.##### ##.#...#.###..#
#. #.# ####..#####.#...)#
#.
#.#######.....#...#.###.##
#. #.........#####.#.#.#
#.# #. ###########
#.#.#.###.# #. #Y#.#.#...#
#. #@#.(.##### #. #.#####
#. ######.#...# ##
##....#.#.#.#
#.....#.#.#.#
#..)#.#.#†#.##### #######
#...#.#..†#.#...# #.....#
#.....#####.###.#
#.....####.....#...#.# #.#


You could see a yak (very poisoned).

Vanquished Creatures
  A yak (D:5)
  A centaur (D:4)
  A phantom (D:5)
  A scorpion (D:4)
  A bullfrog zombie (D:5)
  3 hounds
  An orc priest (D:3)
  An iguana (D:2)
  A hound skeleton (D:4)
  8 adders
  An adder skeleton (D:4)
  A dart slug (D:2)
  6 orcs
  7 endoplasms
  2 giant cockroaches
  7 goblins
  4 hobgoblins
  4 quokkas
  7 ball pythons
  8 bats
  A frilled lizard (D:1)
  4 kobolds
  3 rats
74 creatures vanquished.

Vanquished Creatures (others)
  53 foxfires
53 creatures vanquished.

Grand Total: 127 creatures vanquished

Notes
Turn   | Place    | Note
-------+----------+-------------------------------------------
     0 | D:1      | Zeld the Ogre Fire Elementalist began the quest for the
                  | Orb.
     0 | D:1      | Reached XP level 1. HP: 16/16 MP: 3/3
   145 | D:1      | Reached skill level 1 in Conjurations
   547 | D:1      | Found a faded altar of an unknown god.
   553 | D:1      | Reached XP level 2. HP: 21/24 MP: 2/5
   558 | D:1      | Learned a level 2 spell: Scorch
  1027 | D:1      | Found Zehec's Assorted Antiques.
  1570 | D:2      | Reached skill level 3 in Spellcasting
  1570 | D:2      | Reached XP level 3. HP: 31/31 MP: 0/7
  1574 | D:2      | Learned a level 3 spell: Inner Flame
  2312 | D:2      | Reached XP level 4. HP: 20/39 MP: 1/9
  2715 | D:3      | Reached skill level 4 in Spellcasting
  2715 | D:3      | Reached XP level 5. HP: 40/45 MP: 3/11
  3023 | D:3      | Learned a level 4 spell: Flame Wave
  3169 | D:3      | Found Zinaer's Distillery.
  3299 | D:1      | Bought a blue potion for 22 gold pieces
  3299 | D:1      | Bought a dark potion for 22 gold pieces
  3299 | D:1      | Bought a scroll labelled SENTEL QUQU for 25 gold pieces
  3735 | D:4      | You fall into a shaft and drop 2 floors!
  3813 | D:5      | Entered Level 5 of the Dungeon
  4171 | D:5      | Found a burning altar of Makhleb.
  4189 | D:5      | Noticed a phantom
  4203 | D:5      | Killed a phantom
  4204 | D:5      | Reached XP level 6. HP: 27/53 MP: 0/13
  4462 | D:5      | Reached skill level 5 in Spellcasting
  5016 | D:4      | Reached XP level 7. HP: 59/59 MP: 10/15
  5301 | D:4      | Reached skill level 5 in Fire Magic
  5985 | D:5      | Noticed a yak
  5987 | D:5      | Noticed a yak
  5987 | D:5      | Noticed a yak
  5987 | D:5      | Noticed a yak
  5988 | D:5      | Noticed a yak
  6000 | D:5      | Noticed a yak
  6021 | D:5      | Killed a yak
  6022 | D:5      | Reached skill level 6 in Spellcasting
  6070 | D:4      | HP: 1/59 [yak (2)]
  6074 | D:4      | Slain by a yak

Illustrated notes

Levels and vault maps discovered:
D:1:      dpeg_arrival_boxorama, layout_loops_ring, serial_shops,
          nicolae_shop_overgrown_old_shop, ebering_ecumenical_altar_mist
D:2:      minmay_angry_zag, layout_basic
D:3:      layout_loops_ring, serial_shops, nicolae_shop_behind_doors,
          chequers_serial_rivers_micro_e, nrook_campfire,
          kennysheep_pointless_box, minivault_25
D:4:      layout_loops_corners, roderic_serpentine_path, hangedman_decor_points
D:5:      layout_cave_pools, mainiacjoe_overflow_paths,
          minmay_temple_entry_statues_pillars, uniq_grinder
D:6:      layout_basic

Skill      XL: |  1  2  3  4  5  6  7 |
---------------+----------------------+-----
Conjurations   | 1 2 3 |  3.2
Fire Magic     | 3 4 5 |  5.4
Spellcasting   | 3 4 5 6 |  6.1
Dodging        | |  1.7
Stealth        | |  1.4

Action                   |  1- 3 |  4- 6 |  7- 9 || total
-------------------------+-------+-------+-------++-------
Melee: Unarmed           |    55 |       |       ||    55
       Whip              |       |    25 |    11 ||    36
 Cast: Foxfire           |    29 |     8 |       ||    37
       Scorch            |    25 |    50 |    20 ||    95
 Stab: Sleeping          |       |     1 |       ||     1
Armor: Robe              |    29 |       |       ||    29
       Steam dragon scal |       |    23 |    10 ||    33
Dodge: Dodged            |    45 |    22 |    11 ||    78
